 Dungeon Crawl Stone Soup version 0.29.1-2-gbd0b4ee654 (webtiles) character file.

Game seed: 4484354180584515865

114 Icepheonix32 the Covered (level 4, 0/38 HPs)
             Began as a Demigod Fighter on Nov 4, 2022.
             Slain by a gnoll
             ... wielding a +0 halberd
              (2 damage)
             ... on level 3 of the Dungeon.
             The game lasted 00:01:42 (1776 turns).

Icepheonix32 the Covered (Demigod Fighter)          Turns: 1776, Time: 00:01:43

Health: 0/38       AC:  8    Str: 17    XL:     4   Next: 41%
Magic:  6/6        EV: 10    Int: 14    God:
Gold:   133        SH:  4    Dex: 13    Spells: 3/3 levels left

rFire   . . .      SeeInvis .   a - +0 long sword
rCold   . . .      Faith    .   c - +0 buckler
rNeg    . . .      Spirit   .   n - +2 ring mail {rPois}
rPois   +          Reflect  .   i - +0 helmet
rElec   .          Harm     .   (no cloak)
rCorr   .          Rampage  .   (no gloves)
Will    .....                   (no boots)
Stlth   +.........              (no amulet)
HPRegen 0.12/turn               (no ring)
MPRegen 0.10/turn               (no ring)

@: mighty
A: high MP 1, forlorn, divine attributes
a: no special abilities


You were on level 3 of the Dungeon.
You visited 1 branch of the dungeon, and saw 3 of its levels.

You collected 133 gold pieces.

Inventory:

Hand Weapons
 a - a +0 long sword (weapon)
Armour
 c - a +0 buckler (worn)
 i - a +0 helmet (worn)
 n - a +2 ring mail of poison resistance (worn)
Wands
 m - a wand of paralysis (2)
Scrolls
 b - a scroll of fear {unknown}
 e - 2 scrolls of enchant weapon {unknown}
 f - a scroll of identify {unknown}
 g - 2 scrolls of immolation {unknown}
 h - a scroll of vulnerability {unknown}
 k - a scroll of poison {unknown}
 l - a scroll of noise {unknown}
Potions
 d - a potion of might
 j - a potion of curing {unknown}


   Skills:
 + Level 3.1 Fighting
 + Level 3.1 Long Blades
 + Level 3.5 Armour
 + Level 0.5 Dodging
 + Level 3.0 Shields


You had 3 spell levels left.
You didn't know any spells.
Your spell library was empty.

Dungeon Overview and Level Annotations

Branches:
Dungeon (3/15)

Shops:
D:2 [


Innate Abilities, Weirdness & Mutations

You have an increased reservoir of magic. (+10% MP)
You shall have no god before yourself.
Your divine heritage dramatically boosts your attributes as you level up.


Message History

You are too injured to fight recklessly!
You are too injured to fight recklessly!
You are too injured to fight recklessly!
You are too injured to fight recklessly!
You are too injured to fight recklessly!
You are too injured to fight recklessly!
You are too injured to fight recklessly!
You are too injured to fight recklessly!
You are too injured to fight recklessly!
You are too injured to fight recklessly!
You are too injured to fight recklessly!
You are too injured to fight recklessly!
You are too injured to fight recklessly!
You are too injured to fight recklessly!
Unknown command.
You feel very mighty all of a sudden. You block the gnoll's attack.
The gnoll hits you from afar with a +0 halberd!
The gnoll barely misses you.
Things that are here:
a +0 halberd; a gnoll corpse You slash the gnoll!
The gnoll is severely wounded.
The gnoll hits you from afar with a +0 halberd.
* * * LOW HITPOINT WARNING * * *
The gnoll hits you with a +0 halberd.
* * * LOW HITPOINT WARNING * * *
You slash the gnoll!
You kill the gnoll!
The gnoll closely misses you. You block the gnoll's attack.
A gnoll comes into view. It is wielding a +0 spear.
Unknown command.
The gnoll shouts!
You block the gnoll's attack. The gnoll hits you with a +0 halberd.
* * * LOW HITPOINT WARNING * * *
You see here a +0 halberd.
You slash the gnoll!
The gnoll is heavily wounded.
The gnoll barely misses you. The gnoll hits you with a +0 halberd.
You die...

#### #.g #g# #@#
#)# ###
#.#####...
##.......#
>.####...####.#
..........###.###
.####<.........#
##.#.#####.#
###.# #.#


You could see 2 gnolls.

Vanquished Creatures
  Ijyb (D:3)
  2 gnolls (D:3)
  3 adders
  A dart slug (D:1)
  5 bats
  6 endoplasms
  5 goblins
  5 hobgoblins
  A quokka (D:1)
  4 ball pythons
  4 frilled lizards
  A kobold (D:1)
  5 rats
43 creatures vanquished.

Vanquished Creatures (others)
  10 plants (D:3)
10 creatures vanquished.

Grand Total: 53 creatures vanquished

Notes
Turn   | Place    | Note
-------+----------+-------------------------------------------
     0 | D:1      | Icepheonix32 the Demigod Fighter began the quest for the
                  | Orb.
     0 | D:1      | Reached XP level 1. HP: 18/18 MP: 3/3
   313 | D:1      | Reached XP level 2. HP: 24/25 MP: 4/4
   940 | D:2      | Reached XP level 3. HP: 31/31 MP: 5/5
  1132 | D:2      | Found Darot's Antique Armour Emporium.
  1345 | D:3      | Noticed Ijyb
  1350 | D:3      | Paralysed by Ijyb for 4 turns
  1358 | D:3      | Paralysed by Ijyb for 2 turns
  1363 | D:3      | Paralysed by Ijyb for 2 turns
  1370 | D:3      | Paralysed by Ijyb for 3 turns
  1376 | D:3      | Killed Ijyb
  1377 | D:3      | Reached XP level 4. HP: 4/38 MP: 6/6
  1776 | D:3      | Slain by a gnoll

Illustrated notes

Levels and vault maps discovered:
D:1:      saegor_arrival_simple_e, layout_rooms,
          shapermc_ecumenical_altar_pompeii
D:2:      layout_rooms, serial_shops, shop_statue
D:3:      layout_loops_corners, mainiacjoe_overflow_cross_hatched,
          minmay_misc_feat_ornament, uniq_ijyb, uniq_jessica

Skill      XL: |  1  2  3  4 |
---------------+-------------+-----
Armour         | 3 |  3.5
Long Blades    | 2 3 |  3.1
Fighting       | 3 |  3.1
Shields        | 3 |  3.0
Dodging        | |  0.5

Action                   |  1- 3 |  4- 6 || total
-------------------------+-------+-------++-------
Melee: Long sword        |   150 |    12 ||   162
  Use: Potion            |       |     1 ||     1
Armor: Scale mail        |    90 |       ||    90
       Ring mail         |       |     2 ||     2
Dodge: Dodged            |   104 |     7 ||   111
Block: Buckler           |    37 |     4 ||    41
